 Dungeon Sprint DCSS version bcrawl-1.19.2-6-g6a88ae04c9 (webtiles) character file.

Game seed: 17154414438246385098

427 Freyura the Cruncher (level 6, -11/44 HPs)
             Began as a Gargoyle Gladiator on Jan 5, 2020.
             Was an Initiate of Ru.
             Mangled by Sonja
             ... wielding a +0 dagger of distortion
              (23 damage)
             ... in the Dungeon (Sprint I: "Red Sonja").
             The game lasted 00:03:52 (638 turns).

Freyura the Cruncher (Gargoyle Gladiator)            Turns: 638, Time: 00:03:52

Health: -11/44     AC: 16    Str: 17    XL:     6   Next: 97%
Magic:  6/6        EV: 10    Int:  9    God:    Ru [......]
Gold:   311        SH:  0    Dex: 13    Spells: 5/5 levels left

rFire    . . .     SeeInvis .   a - +0 quarterstaff
rCold    . . .     Gourm    .   (shield currently unavailable)
rNeg     + . .     Faith    .   m - +0 chain mail
rPois    ∞         Spirit   .   c - +0 helmet
rElec    +         Reflect  .   (no cloak)
rCorr    .         Harm     .   (no gloves)
MR       .....     NoTele   +   (no boots)
Stlth    ..........             (no amulet)
HPRegen  0.14/turn              (no ring)
MPRegen  0.10/turn              (no ring)

@: no status effects
A: negative energy resistance 1, electricity resistance, unbreathing,
petrification resistance, rot immunity, AC +4
a: Renounce Religion


You were in the Dungeon.
You worshipped Ru.
Ru was noncommittal.
You were not hungry.

You visited 1 branch You collected 311 gold pieces.

Inventory:

Hand Weapons
 a - a +0 quarterstaff (weapon)
Armour
 b - a +0 leather armour
 c - a +0 helmet (worn)
 m - a +0 chain mail (worn)
Wands
 l - a wand of polymorph (8)
Scrolls
 k - a scroll of blinking
Potions
 e - a potion of curing
 h - a potion of haste
 i - 2 potions of magic
Comestibles
 f - a ration {!d}


   Skills:
 + Level 7.3 Fighting
 * Level 9.6 Staves
 - Level 1.7 Throwing
 + Level 6.9 Armour
 + Level 5.9 Dodging


You had 5 spell levels left.
You didn't know any spells.
Your spell library was empty.

Dungeon Overview and Level Annotations

Branches:
Dungeon (1/1)

Altars:
Cheibriados
Dithmenos
Elyvilon
Fedhas
Gozag
Hepliaklqana
Kikubaaqudgha
Nemelex Xobeh
Okawaru
Qazlal
Ru
Sif Muna
Trog
Uskayaw
Vehumet
Wu Jian
Yredelemnul
Zin
The Shining One

Shops:
D !

Annotations:
D Sonja


Innate Abilities, Weirdness & Mutations

You are resistant to torment.
Your stone body is resilient. (AC +4)
You are immune to poison.
You resist negative energy. (rN+)
You are resistant to electric shocks. (rElec)
You can survive without breathing.
You are immune to petrification.
You are immune to rotting.


Message History

Sonja shoots a curare-tipped needle.
The curare-tipped needle hits you.
Sonja unwields a +0 blowgun.
Sonja wields a +0 dagger of distortion.
Its appearance distorts for a moment.
Sonja hits you but does no damage. x2
Space warps horribly around you! Sonja hits you but does no damage.
Space bends around you.
You completely miss Sonja.
Sonja is lightly wounded.
Sonja barely misses you. Sonja closely misses you.
Sonja hits you but does no damage.
You miss Sonja.
Sonja is lightly wounded.
Sonja hits you with a +0 dagger of distortion.
* * * LOW HITPOINT WARNING * * *
You feel a strange sense of stasis. Sonja barely misses you.
Sonja completely misses you.
You closely miss Sonja.
Sonja is lightly wounded.
Sonja hits you but does no damage. Space warps horribly around you!!
Ouch! That really hurt!
You die...

#..'..#..').#..+
#..#####'#####'#
#..####..#...#[#
#..#__####..##)#
#..#_____##'#_.+
#⌠⌠#_.∩...'..._#
####_..__##_.#'#
#_____###K#.#
#########@###
+$.$+ #$.$#
##(## #+#


You could see Sonja.

Vanquished Creatures
  Sigmund (D)
  A yak (D)
  An ogre (D)
  A jelly (D)
  Ijyb (D)
5 creatures vanquished.

Notes
Turn   | Place    | Note
-------+----------+-------------------------------------------
     0 | D        | Freyura the Gargoyle Gladiator began the quest for the Orb.
     0 | D        | Reached XP level 1. HP: 12/12 MP: 1/1
     2 | D        | Noticed Ijyb
    35 | D        | Killed Ijyb
    35 | D        | Reached skill level 4 in Staves
    35 | D        | Reached XP level 2. HP: 19/19 MP: 2/2
    35 | D        | Reached XP level 3. HP: 23/23 MP: 3/3
    59 | D        | Noticed an ogre
    64 | D        | Killed an ogre
    64 | D        | Reached skill level 6 in Staves
    64 | D        | Reached XP level 4. HP: 9/30 MP: 4/4
   282 | D        | Noticed Sigmund
   304 | D        | Killed Sigmund
   304 | D        | Reached skill level 8 in Staves
   304 | D        | Reached skill level 5 in Armour
   304 | D        | Reached skill level 5 in Dodging
   304 | D        | Reached XP level 5. HP: 21/37 MP: 5/5
   304 | D        | Reached XP level 6. HP: 23/42 MP: 6/6
   425 | D        | Found an ornate altar of the Wu Jian Council.
   425 | D        | Found a shimmering blue altar of Sif Muna.
   427 | D        | Found a radiant altar of Vehumet.
   461 | D        | Found Vunegiry's Distillery.
   461 | D        | Found an ancient bone altar of Kikubaaqudgha.
   461 | D        | Found a hazy altar of Hepliaklqana.
   461 | D        | Found a stormy altar of Qazlal.
   461 | D        | Found a hide-covered altar of Uskayaw.
   461 | D        | Found a blossoming altar of Fedhas.
   461 | D        | Found a bloodstained altar of Trog.
   461 | D        | Found an iron altar of Okawaru.
   461 | D        | Found a basalt altar of Yredelemnul.
   461 | D        | Found a glowing golden altar of the Shining One.
   461 | D        | Found a snail-covered altar of Cheibriados.
   461 | D        | Found a sacrificial altar of Ru.
   461 | D        | Found a glowing silver altar of Zin.
   461 | D        | Found a shadowy altar of Dithmenos.
   461 | D        | Found a white marble altar of Elyvilon.
   461 | D        | Noticed a yak
   470 | D        | Killed a yak
   470 | D        | Reached skill level 9 in Staves
   471 | D        | Found an opulent altar of Gozag.
   472 | D        | Found a sparkling altar of Nemelex Xobeh.
   479 | D        | Became a worshipper of Ru the Awakened
   615 | D        | Noticed Sonja
   638 | D        | Mangled by Sonja

Skill      XL: |  1  2  3  4  5  6 |
---------------+-------------------+-----
Fighting       | 3 4 6 7 |  7.3
Staves         | 4 6 8 9 |  9.6
Armour         | 2 4 5 6 |  6.9
Dodging        | 3 4 5 |  5.9
Throwing       | |  1.7

Action                   |  1- 3 |  4- 6 || total
-------------------------+-------+-------++-------
Melee: Unarmed           |    13 |       ||    13
       Quarterstaff      |    16 |    37 ||    53
Throw: Throwing net      |     1 |     3 ||     4
  Use: Potion            |     1 |     1 ||     2
 Stab: Confused          |     1 |       ||     1
Armor: Leather armour    |     5 |       ||     5
       Skin              |     2 |       ||     2
       Chain mail        |       |    32 ||    32
Dodge: Dodged            |     8 |    22 ||    30
